BR
PUNTA CANA HUTIAS @ ATLANTIC CITY WAR DOGS
10/08/2027
 
TOP OF THE 1ST
Punta Cana Hutias batting - Pitching for Atlantic City War Dogs : RHP Rubén Cruz
Pitching: RHP Rubén Cruz
Batting: RHB Alejandro Ramírez 0-0: Called Strike
0-1: Ball
1-1: Ball
2-1: Ground out 5-3 (Groundball, 5L)
Batting: RHB Edgardo Vásquez 0-0: Called Strike
0-1: Called Strike
0-2: Ground out 6-3 (Groundball, 6)
Batting: LHB Ernesto Meléndez 0-0: Called Strike
0-1: Called Strike
0-2: Strikes out swinging
Top of the 1st over - 0 run(s), 0 hit(s), 0 error(s), 0 left on base; Punta Cana 0 - Atlantic City 0
BOTTOM OF THE 1ST
Atlantic City War Dogs batting - Pitching for Punta Cana Hutias : RHP Raúl Cruz
Pitching: RHP Raúl Cruz
Batting: RHB Pancho Valdés 0-0: Foul Ball, location: 2F
0-1: Ball
1-1: Ball
2-1: Fly out, F8 (Flyball, 8RM)
Batting: RHB Bill Spence 0-0: Ball
1-0: Ball
2-0: Fly out, F9 (Flyball, 9LM)
Batting: RHB José Guevara 0-0: Ball
1-0: Called Strike
1-1: Fly out, F6 (Line Drive, 6)
Bottom of the 1st over - 0 run(s), 0 hit(s), 0 error(s), 0 left on base; Punta Cana 0 - Atlantic City 0
TOP OF THE 2ND
Punta Cana Hutias batting - Pitching for Atlantic City War Dogs : RHP Rubén Cruz
Batting: LHB Juan Rodríguez 0-0: Foul Ball, location: 2F
0-1: Ball
1-1: Ground out U3 (Groundball, 34)
Batting: RHB Alberto García 0-0: Ball
1-0: Called Strike
1-1: Swinging Strike
1-2: Foul Ball, location: 2F
1-2: Ball
2-2: Strikes out looking
Batting: LHB Justin McCoy 0-0: Called Strike
0-1: Ground out U3 (Groundball, 34)
Top of the 2nd over - 0 run(s), 0 hit(s), 0 error(s), 0 left on base; Punta Cana 0 - Atlantic City 0
BOTTOM OF THE 2ND
Atlantic City War Dogs batting - Pitching for Punta Cana Hutias : RHP Raúl Cruz
Batting: RHB Jamie Swyers 0-0: Called Strike
0-1: Ball
1-1: Fly out, F4 (Line Drive, 4)
Batting: LHB Patrick Ferguson 0-0: Ball
1-0: Swinging Strike
1-1: SINGLE (Groundball, 56D)
Batting: RHB Armando Vega 0-0: Ball
1-0: Foul Ball, location: 2F
1-1: Ball
2-1: Foul Ball, location: 2F
2-2: Grounds into double play, 4-6-3 (Groundball, 4)
Bottom of the 2nd over - 0 run(s), 1 hit(s), 0 error(s), 0 left on base; Punta Cana 0 - Atlantic City 0
TOP OF THE 3RD
Punta Cana Hutias batting - Pitching for Atlantic City War Dogs : RHP Rubén Cruz
Batting: SHB Alonso Contrera 0-0: Called Strike
0-1: Swinging Strike
0-2: Ground out 6-3 (Groundball, 6MS)
Batting: RHB Millard Ferguson 0-0: Foul Ball, location: 2F
0-1: Ball
1-1: Fly out, F8 (Flyball, 8RM)
Batting: RHB Ricardo Murillo 0-0: Swinging Strike
0-1: Single, Error in OF, E7, batter to second base
Batting: RHB Alejandro Ramírez 0-0: Called Strike
0-1: Foul Ball, location: 2F
0-2: Strikes out swinging
Top of the 3rd over - 0 run(s), 1 hit(s), 1 error(s), 1 left on base; Punta Cana 0 - Atlantic City 0
BOTTOM OF THE 3RD
Atlantic City War Dogs batting - Pitching for Punta Cana Hutias : RHP Raúl Cruz
Batting: RHB John Stevens 0-0: Fly out, F9 (Flyball, 89D)
Batting: RHB Jesús Herrera 0-0: Ball
1-0: Ball
2-0: Called Strike
2-1: Ball
3-1: Base on Balls
Batting: RHB Pat Simms 0-0: Fielders Choice at 2nd, 3-6 (Groundball, 34)
Batting: RHB Pancho Valdés 0-0: Called Strike
0-1: Ball
1-1: Foul Ball, location: 2F
1-2: Fly out, F9 (Flyball, 89M)
Bottom of the 3rd over - 0 run(s), 0 hit(s), 0 error(s), 1 left on base; Punta Cana 0 - Atlantic City 0
TOP OF THE 4TH
Punta Cana Hutias batting - Pitching for Atlantic City War Dogs : RHP Rubén Cruz
Batting: RHB Edgardo Vásquez 0-0: Ball
1-0: Fly out, F4 (Line Drive, 4)
Batting: LHB Ernesto Meléndez 0-0: Called Strike
0-1: Swinging Strike
0-2: Ball
1-2: Strikes out swinging
Batting: LHB Juan Rodríguez 0-0: Swinging Strike
0-1: Called Strike
0-2: Strikes out swinging
Top of the 4th over - 0 run(s), 0 hit(s), 0 error(s), 0 left on base; Punta Cana 0 - Atlantic City 0
BOTTOM OF THE 4TH
Atlantic City War Dogs batting - Pitching for Punta Cana Hutias : RHP Raúl Cruz
Batting: RHB Bill Spence 0-0: Foul Ball, location: 2F
0-1: Called Strike
0-2: Ball
1-2: Ball
2-2: Foul Ball, location: 2F
2-2: Ball
3-2: Foul Ball, location: 2F
3-2: Base on Balls
Batting: RHB José Guevara 0-0: Called Strike
0-1: Ball
1-1: Ground out 4-3 (Groundball, 4MS)
Bill Spence to second
Batting: RHB Jamie Swyers 0-0: Called Strike
0-1: Ball
1-1: Ball
2-1: Ground out 4-3 (Groundball, 34)
Bill Spence to third
Batting: LHB Patrick Ferguson 0-0: Fly out, F9 (Line Drive, 9LD)
Bottom of the 4th over - 0 run(s), 0 hit(s), 0 error(s), 1 left on base; Punta Cana 0 - Atlantic City 0
TOP OF THE 5TH
Punta Cana Hutias batting - Pitching for Atlantic City War Dogs : RHP Rubén Cruz
Batting: RHB Alberto García 0-0: Ball
1-0: Ground out 6-3 (Groundball, 6)
Batting: LHB Justin McCoy 0-0: Ball
1-0: Called Strike
1-1: Foul Ball, location: 2F
1-2: Strikes out looking
Batting: SHB Alonso Contrera 0-0: Ball
1-0: Called Strike
1-1: Called Strike
1-2: Foul Ball, location: 2F
1-2: Foul Ball, location: 2F
1-2: Foul Ball, location: 2F
1-2: Ground out U3 (Groundball, 3S)
Top of the 5th over - 0 run(s), 0 hit(s), 0 error(s), 0 left on base; Punta Cana 0 - Atlantic City 0
BOTTOM OF THE 5TH
Atlantic City War Dogs batting - Pitching for Punta Cana Hutias : RHP Raúl Cruz
Batting: RHB Armando Vega 0-0: Called Strike
0-1: Ball
1-1: Ball
2-1: Ball
3-1: Swinging Strike
3-2: Base on Balls
Batting: RHB John Stevens 0-0: Ball
1-0: Foul Ball, location: 2F
1-1: Ground out 5-3 (Groundball, 5S)
Armando Vega to second
Batting: RHB Jesús Herrera 0-0: Ball
1-0: Swinging Strike
1-1: Foul Ball, location: 2F
1-2: Ball
2-2: Ball
3-2: Strikes out looking
Batting: RHB Pat Simms 0-0: Ball
1-0: Fly out, F8 (Flyball, 8RS)
Bottom of the 5th over - 0 run(s), 0 hit(s), 0 error(s), 1 left on base; Punta Cana 0 - Atlantic City 0
TOP OF THE 6TH
Punta Cana Hutias batting - Pitching for Atlantic City War Dogs : RHP Rubén Cruz
Batting: RHB Millard Ferguson 0-0: Ball
1-0: Foul Ball, location: 2F
1-1: Ground out 5-3 (Groundball, 56S)
Batting: RHB Ricardo Murillo 0-0: Swinging Strike
0-1: Ground out 5-3 (Groundball, 56)
Batting: RHB Alejandro Ramírez 0-0: Foul Ball, location: 2F
0-1: Ground out 6-3 (Groundball, 6)
Top of the 6th over - 0 run(s), 0 hit(s), 0 error(s), 0 left on base; Punta Cana 0 - Atlantic City 0
BOTTOM OF THE 6TH
Atlantic City War Dogs batting - Pitching for Punta Cana Hutias : RHP Raúl Cruz
Batting: RHB Pancho Valdés 0-0: Ball
1-0: Called Strike
1-1: Ball
2-1: Called Strike
2-2: Ball
3-2: Strikes out swinging
Batting: RHB Bill Spence 0-0: Ball
1-0: Ground out 3-1 (Groundball, 34)
Batting: RHB José Guevara 0-0: Ball
1-0: Ball
2-0: Fly out, F3 (Popup, 34)
Bottom of the 6th over - 0 run(s), 0 hit(s), 0 error(s), 0 left on base; Punta Cana 0 - Atlantic City 0
TOP OF THE 7TH
Punta Cana Hutias batting - Pitching for Atlantic City War Dogs : RHP Rubén Cruz
Batting: RHB Edgardo Vásquez 0-0: Ball
1-0: Foul Ball, location: 2F
1-1: Ground out 1-3 (Groundball, P)
Batting: LHB Ernesto Meléndez 0-0: SINGLE (Groundball, 4MD)
Batting: LHB Juan Rodríguez 0-0: Ball
1-0: Swinging Strike
1-1: Swinging Strike
1-2: Foul Ball, location: 2F
1-2: Strikes out swinging
Pinch Hitting: RHB Armando Arellano 0-0: Ball
Ernesto Meléndez steals 2nd base
1-0: Foul Ball, location: 2F
1-1: Called Strike
1-2: Ball
2-2: Strikes out looking
Top of the 7th over - 0 run(s), 1 hit(s), 0 error(s), 1 left on base; Punta Cana 0 - Atlantic City 0
BOTTOM OF THE 7TH
Atlantic City War Dogs batting - Pitching for Punta Cana Hutias : RHP Raúl Cruz
Now at 1B: Ben Kearley
Batting: RHB Jamie Swyers 0-0: Called Strike
0-1: Foul Ball, location: 2F
0-2: Foul Ball, location: 2F
0-2: Ground out 6-3 (Groundball, 6)
Pitching: LHP Carlos Martínez
Pinch Hitting: RHB Tim van der Kamp 0-0: Foul Ball, location: 2F
0-1: Called Strike
0-2: Strikes out swinging
Batting: RHB Armando Vega 0-0: Ball
1-0: Called Strike
1-1: Ball
2-1: Called Strike
2-2: Ball
3-2: Base on Balls
Pinch Hitting: RHB Roberto Ybarra 0-0: Ball
1-0: Foul Ball, location: 2F
1-1: Ball
2-1: Foul Ball, location: 2F
2-2: Ball
3-2: Foul Ball, location: 2F
3-2: Foul Ball, location: 2F
3-2: Fly out, F9 (Flyball, 9LS)
Bottom of the 7th over - 0 run(s), 0 hit(s), 0 error(s), 1 left on base; Punta Cana 0 - Atlantic City 0
TOP OF THE 8TH
Punta Cana Hutias batting - Pitching for Atlantic City War Dogs : RHP Rubén Cruz
Now at 1B: Robert Mann
Now at 2B: Tim van der Kamp
Batting: LHB Justin McCoy 0-0: Called Strike
0-1: Ball
1-1: Foul Ball, location: 2F
1-2: Strikes out swinging
Batting: SHB Alonso Contrera 0-0: Fly out, F7 (Flyball, 7S)
Pinch Hitting: RHB José Deleón 0-0: Called Strike
0-1: Foul Ball, location: 2F
0-2: Ball
1-2: Foul Ball, location: 2F
1-2: Foul Ball, location: 2F
1-2: Foul Ball, location: 2F
1-2: Ground out 4-3 (Groundball, 4)
Top of the 8th over - 0 run(s), 0 hit(s), 0 error(s), 0 left on base; Punta Cana 0 - Atlantic City 0
BOTTOM OF THE 8TH
Atlantic City War Dogs batting - Pitching for Punta Cana Hutias : LHP Carlos Martínez
Now at 3B: José Deleón
Batting: RHB Jesús Herrera 0-0: Fly out, F8 (Flyball, 8RM)
Pinch Hitting: RHB Jason McIntosh 0-0: Ball
1-0: SINGLE (Groundball, 6MD)
Pinch Hitting: RHB Henry Edwards 0-0: Called Strike
0-1: Foul Ball, location: 2F
0-2: Strikes out swinging
Batting: RHB Bill Spence 0-0: Ball
Jason McIntosh steals 2nd base
1-0: Fly out, F9 (Flyball, 9S)
Bottom of the 8th over - 0 run(s), 1 hit(s), 0 error(s), 1 left on base; Punta Cana 0 - Atlantic City 0
TOP OF THE 9TH
Punta Cana Hutias batting - Pitching for Atlantic City War Dogs : RHP Rubén Cruz
Pitching: RHP Bernardo Herrera
Now in CF: Jerome Cuevas
Now in RF: Jason McIntosh
Pinch Hitting: SHB Ken Gibson 0-0: Called Strike
0-1: Ball
1-1: Called Strike
1-2: Ball
2-2: Ball
3-2: Ground out 3-1 (Groundball, 34)
Batting: RHB Alejandro Ramírez 0-0: Foul Ball, location: 2F
0-1: Ball
1-1: Ball
2-1: Hit by Pitch
Batting: RHB Edgardo Vásquez 0-0: Called Strike
0-1: Foul Ball, location: 2F
0-2: Ball
1-2: SINGLE (Line Drive, 56)
Alejandro Ramírez to second
Batting: LHB Ernesto Meléndez 0-0: Ball
1-0: SINGLE (Flyball, 8RS)
Alejandro Ramírez to third
Edgardo Vásquez to second
Runner from 3rd tries for Home, SAFE, no throw
Pitching: LHP Anthony Blackwell
Batting: LHB Juan Rodríguez 0-0: Ball
1-0: Foul Ball, location: 2F
1-1: Called Strike
1-2: Fly out, F7 (Flyball, 7S)
Batting: RHB Ben Kearley 0-0: Ball
1-0: Fly out, F8 (Line Drive, 8RD)
Top of the 9th over - 1 run(s), 2 hit(s), 0 error(s), 2 left on base; Punta Cana 1 - Atlantic City 0
BOTTOM OF THE 9TH
Atlantic City War Dogs batting - Pitching for Punta Cana Hutias : LHP Carlos Martínez
Pitching: RHP Ángel Casillas
Now at SS: Ernesto Moreno
Pinch Hitting: LHB Gary White 0-0: Foul Ball, location: 2F
0-1: Ground out 5-3 (Groundball, 5L)
Batting: RHB Jamie Swyers 0-0: Swinging Strike
0-1: Foul Ball, location: 2F
0-2: Foul Ball, location: 2F
0-2: Strikes out swinging
Batting: RHB Tim van der Kamp 0-0: Called Strike
0-1: Foul Ball, location: 2F
0-2: Ball
1-2: Foul Ball, location: 2F
1-2: Fly out, F6 (Line Drive, 6)
Bottom of the 9th over - 0 run(s), 0 hit(s), 0 error(s), 0 left on base; Punta Cana 1 - Atlantic City 0
Thursday, March 30th, 2017 - OOTP Baseball 17.12 Build 75